 Dungeon Crawl Stone Soup version 0.27-a0-1273-gec92ba881d (webtiles) character file.

Game seed: 8581346217435522307

2 funkygono the Digger (level 1, -3/13 HPs)
             Began as a Formicid Earth Elementalist on June 12, 2021.
             Slain by a quokka (4 damage)
             ... on level 1 of the Dungeon.
             The game lasted 00:00:22 (32 turns).

funkygono the Digger (Formicid Earth Elementalist)    Turns: 32, Time: 00:00:23

Health: -3/13      AC:  2    Str: 12    XL:     1   Next: 44%
Magic:  0/3        EV: 12    Int: 14    God:
Gold:   0          SH:  0    Dex: 11    Spells: 3/4 levels left

rFire    . . .     SeeInvis +   (no weapon)
rCold    . . .     Faith    .   (no shield)
rNeg     . . .     Spirit   .   c - +0 robe
rPois    .         Reflect  .   (helmet unavailable)
rElec    .         Harm     .   (no cloak)
rCorr    .         Rampage  .   (no gloves)
Will     .....                  (no boots)
Stlth    ++........             (no amulet)
HPRegen  0.04/turn              (no ring)
MPRegen  0.08/turn              (no ring)

@: no status effects
A: permanent stasis, dig shafts and tunnels, antennae 3, four strong arms
a: Dig, Shaft Self


You were on level 1 of the Dungeon.
You visited 1 branch of the dungeon, and saw 1 of its levels.

Inventory:

Missiles
 b - 25 stones
Armour
 c - a +0 robe (worn)


   Skills:
 + Level 1.7 Dodging
 - Level 2.4 Stealth
 + Level 2.2 Spellcasting
 + Level 1.1 Transmutations
 + Level 3.8 Earth Magic


You had 3 spell levels left.
You knew the following spells:

 Your Spells              Type           Power      Damage    Failure   Level
a - Sandblast             Erth           24%        2d8       4%          1

Your spell library contained the following spells:

 Spells                   Type           Power      Damage    Failure   Level
 Passwall                 Tmut/Erth      6%         N/A       13%         2
 Stone Arrow              Conj/Erth      12%        3d7       32%         3
 Petrify                  Tmut/Erth      8%         N/A       63%         4
 Lee's Rapid Deconstruct  Erth           6%         3d7*      80%         5


Dungeon Overview and Level Annotations

Branches:
Dungeon (1/15)

Altars:


Innate Abilities, Weirdness & Mutations

You cannot be hasted, slowed, berserked, paralysed or teleported.
You can dig through walls and to a lower floor.
You have a pair of large antennae on your head. (SInv)
Your four strong arms can wield two-handed weapons with a shield.


Message History

Found 19 gold pieces.
The bat barely misses you.
You hit the bat.
The bat is moderately wounded.
The bat closely misses you. The goblin hits you with a +0 dagger.
The bat barely misses you. The quokka barely misses you.
The bat closely misses you. The quokka closely misses you.
The bat closely misses you. The bat hits you but does no damage.
The bat closely misses you. x2
The bat hits you but does no damage. The bat hits you but does no damage.
The bat barely misses you. The bat closely misses you. The quokka bites you.
The bat hits you but does no damage.
Casting: Sandblast (safe; 4% risk of failure)
Confirm with . or Enter, or press ? or * to list all spells.
Aiming: Sandblast (safe; 4% risk of failure)
Press: ? - help, Shift-Dir - straight line, f - bat
Aim: a bat (69% to hit)
The blast of sand hits the bat!
You kill the bat!
Unknown command.
Casting: Sandblast (safe; 4% risk of failure)
Confirm with . or Enter, or press ? or * to list all spells.
You don't have enough magic to cast this spell.
Unknown command.
You closely miss the quokka. The quokka closely misses you.
The quokka bites you.
* * * LOW HITPOINT WARNING * * *
You barely miss the quokka. The quokka closely misses you.
Unknown command.
Casting: Sandblast (safe; 4% risk of failure)
Confirm with . or Enter, or press ? or * to list all spells.
Aiming: Sandblast (safe; 4% risk of failure)
Press: ? - help, Shift-Dir - straight line, f - quokka
Aim: a quokka (71% to hit)
The blast of sand misses the quokka.
The blast of sand hits the goblin.
The goblin is almost dead.
The quokka bites you.
You die...

##.......#### #
##.g#####....#.
#.##..#.....#....... ...
#.#..#.......#..#...
....#.$.#....<....#.....
.........#.......#....[.
..........#.....#....#..
...........#####....## .
#......#....ggr@...##
.......##...####.......
....... ###..# .#.....
....... ##.# .#.....
....... .. .# ... +##.
#.# .# .. .. .. . ..#.#


You could see a quokka and 2 goblins.

Vanquished Creatures
  3 bats (D:1)
3 creatures vanquished.

Notes
Turn   | Place    | Note
-------+----------+-------------------------------------------
     0 | D:1      | funkygono the Formicid Earth Elementalist began the quest
                  | for the Orb.
     0 | D:1      | Reached XP level 1. HP: 13/13 MP: 3/3
    32 | D:1      | Slain by a quokka

Illustrated notes

Levels and vault maps discovered:
D:1:      scummos_arrival_hexagon, layout_basic, st_stairs_1,
          minmay_strange_pillars, chequers_arboretum, dk_noncrumbling_2

Action                   || total
-------------------------++-------
Melee: Unarmed           ||     3
 Cast: Sandblast         ||     5
Armor: Robe              ||     6
Dodge: Dodged            ||    16

Table legend: (Time is in decaauts)
 A = Elapsed time spent in this place.
 B = Non-inter-level travel time spent in this place.
 C = Inter-level travel time spent in this place.
 D = Time resting spent in this place.
 E = Time spent auto-exploring this place.
 F = Levels seen in this place.
 G = Mean time per level.
                   A        B        C        D        E       F      G
               +--------+--------+--------+--------+--------+-----+--------+
         Total |     32 |     32 |      0 |      0 |      2 |   1 |   32.0 |
       Dungeon |     32 |     32 |      0 |      0 |      2 |   1 |   32.0 |
               +--------+--------+--------+--------+--------+-----+--------+

Top non-repeatable levels by time:
     D:1: 32 daAuts
